 Dungeon Sprint DCSS version 0.21-a0-414-gba8bdf1 (webtiles) character file.

5820 Kidiri the Eclecticist (level 10, -5/61 HPs)
             Began as a Deep Elf Fire Elementalist on Nov 2, 2017.
             Was the Champion of Vehumet.
             Engulfed by a cloud of flame (6 damage)
             ... in the Dungeon (Sprint III: "The Ten Rune Challenge").
             The game lasted 00:13:07 (2132 turns).

Kidiri the Eclecticist (Deep Elf Fire Elementalist) Turns: 2132, Time: 00:13:08

Health: -5/61      AC:  7    Str:  5    XL:     10   Next: 51%
Magic:  17/32      EV: 18    Int: 24    God:    Vehumet [******]
Gold:   43         SH:  0    Dex: 15    Spells: 15/42 levels left

rFire    . . .     SeeInvis .   b - +0 dagger
rCold    + . .     Gourm    .   (no shield)
rNeg     . . .     Faith    .   t - +2 troll leather armour {Snorg}
rPois    .         Spirit   .   (helmet restricted)
rElec    .         Reflect  .   (no cloak)
rCorr    .         Harm     .   (no gloves)
MR       +....     NoTele   +   (no boots)
Stlth    +.........             (no amulet)
HPRegen  0.60/turn              (no ring)
MPRegen  0.23/turn              (no ring)

@: lethally poisoned (-5 -> -7), very slow
A: antennae 1, cold resistance 1, sturdy frame 1
a: Renounce Religion


You were in the Dungeon.
You worshipped Vehumet.
Vehumet was exalted by your worship.
You were not hungry.

You visited 1 branch You collected 43 gold pieces.

Inventory:

Hand Weapons
 b - a +0 dagger (weapon)
Armour
 t - a +2 troll leather armour (worn) {Snorg}
Scrolls
 i - 2 scrolls of blinking
 k - 2 scrolls of enchant weapon {unknown}
 m - 2 scrolls of holy word {unknown}
 o - a scroll of remove curse
Potions
 d - a potion of curing
 e - 3 potions of heal wounds
 f - a potion of haste
 g - 2 potions of magic
 h - 2 potions of berserk rage
 l - a potion of mutation
 q - a potion of brilliance
 s - a potion of flight
Comestibles
 a - 3 inedible chunks of flesh
 r - 31 royal jellies


   Skills:
 + Level 6.5 Fighting
 + Level 7.7 Short Blades
 + Level 6.5 Armour
 + Level 9.9 Dodging
 - Level 2.4 Stealth
 * Level 16.6 Spellcasting
 + Level 10.5 Conjurations
 + Level 10.8 Fire Magic
 + Level 3.5 Air Magic
 + Level 4.0 Earth Magic
 + Level 3.9 Poison Magic


You had 15 spell levels left.
You knew the following spells:

 Your Spells              Type           Power        Failure   Level  Hunger
a - Flame Tongue          Conj/Fire      #####        1%          1    None
b - Throw Flame           Conj/Fire      ######       1%          2    None
c - Conjure Flame         Conj/Fire      ######..     1%          3    None
d - Inner Flame           Hex/Fire       #####...     1%          3    None
e - Ignite Poison         Fire/Tmut/Pois #####...     1%          3    None
f - Sticky Flame          Conj/Fire      ######..     1%          4    None
g - Fireball              Conj/Fire      ######....   1%          5    None
h - Stone Arrow           Conj/Erth      ######       1%          3    None
i - Mephitic Cloud        Conj/Pois/Air  #####...     1%          3    None


Dungeon Overview and Level Annotations

Branches:
Dungeon (1/1)

Altars:
Cheibriados
Dithmenos
Elyvilon
Fedhas
Gozag
Hepliaklqana
Kikubaaqudgha
Makhleb
Nemelex Xobeh
Okawaru
Qazlal
Ru
Sif Muna
Trog
Uskayaw
Vehumet
Wu Jian
Xom
Yredelemnul
Zin
The Shining One
Beogh
Jiyva
Lugonu

Annotations:
D exclusion: 2 doors


Innate Abilities, Weirdness & Mutations

You have a pair of small antennae on your head.
Your flesh is cold resistant. (rC+)
Your movements are slightly less encumbered by armour. (ER -2)


Message History

The spiny frog is severely wounded.
You feel sick. The spiny frog stings you.
Unknown command.
Casting: Stone Arrow
Confirm with . or Enter, or press ? or * to list all spells.
Aiming: Stone Arrow
Press: ? - help, Shift-Dir - straight line, f/p - spiny frog
Aim: a spiny frog (severely wounded, inner flame)
The stone arrow hits the spiny frog.
The spiny frog explodes!
You smell burning wood.
The fiery explosion engulfs the spiny frog.
The spiny frog is severely wounded.
The tree burns like a torch!
The fiery explosion engulfs you!
Ouch! That really hurt!
* * * LOW HITPOINT WARNING * * *
Vehumet accepts your kill.
Your Earth Magic skill increases to level 4!
You are engulfed in blazing flames.
You die...

≈≈≈♣....'.⌠........#
≈≈≈≈≈...#...######'#
≈≈≈≈....#.⌠.#__#...#+############
≈≈≈.....#...#__#...#..§§§'.#.'...
≈.......#+###__#...#.#§§§#.#.#...
........#...#__#...'.#§§§#.#.#.).
........#___#__+...#.#§§.#...#...
▓▓▓▓▓▓▓▓▓▓▓▓▓▓▓▓▓▓▓▓▓▓▓▓▓▓▓▓▓▓▓▓▓
{ ♣§§@≈≈%.......≈≈≈...
♣§'§≈≈≈≈≈≈≈≈≈≈≈≈♣♣P.
#.F§§♣♣♣♣♣♣♣♣♣♣♣♣♣♣PP #.l♣♣♣ ♣♣♣
###


You could see a komodo dragon and a spiny frog.

Vanquished Creatures
  Snorg (D)
  A centaur warrior (D)
  An unseen horror (D)
  A deep elf mage (D)
  A spiny frog (D)
  3 wandering mushrooms (D)
  A queen bee (D)
  A shadow (D)
  A spatial vortex (D)
  A necrophage (D)
  2 centaurs (D)
  An earth elemental (D)
  A water elemental (D)
  A scorpion (D)
  29 killer bees (D)
  A jelly (D)
  A wizard (D)
  Jessica (D)
  A necromancer (D)
  3 humans (D)
  A kobold demonologist (D)
  An ooze (D)
  2 rats (D)
57 creatures vanquished.

Vanquished Creatures (collateral kills)
  2 killer bees (D)
2 creatures vanquished.

Vanquished Creatures (others)
  2 draconian scorchers (D)
  6 hellions (D)
  3 yaktaurs (D)
  A killer bee (D)
12 creatures vanquished.

Grand Total: 71 creatures vanquished

Notes
Turn   | Place    | Note
-------+----------+-------------------------------------------
     0 | D        | Kidiri the Deep Elf Fire Elementalist began the quest for the Orb.
     0 | D        | Reached XP level 1. HP: 10/10 MP: 6/6
     5 | D        | Reached skill level 4 in Spellcasting
    14 | D        | Noticed Jessica
    17 | D        | Killed Jessica
    17 | D        | Reached skill level 6 in Spellcasting
    17 | D        | Reached XP level 2. HP: 15/15 MP: 0/11
    17 | D        | Reached XP level 3. HP: 19/19 MP: 0/12
    21 | D        | Learned a level 2 spell: Throw Flame
    25 | D        | Learned a level 3 spell: Conjure Flame
    29 | D        | Learned a level 3 spell: Inner Flame
    65 | D        | Killed a hellion
    94 | D        | Killed a hellion
   105 | D        | Killed a hellion
   106 | D        | Killed a hellion
   117 | D        | Upgraded the game from 0.21-a0-405-gf2af9a1 to 0.21-a0-414-gba8bdf1
   130 | D        | Reached skill level 7 in Spellcasting
   130 | D        | Reached skill level 5 in Fire Magic
   131 | D        | Killed a white draconian scorcher
   139 | D        | Noticed a scorpion
   165 | D        | Killed a white draconian scorcher
   192 | D        | Killed a hellion
   193 | D        | Killed a hellion
   311 | D        | Killed a scorpion
   311 | D        | Reached skill level 8 in Spellcasting
   311 | D        | Reached XP level 4. HP: 24/24 MP: 8/16
   317 | D        | Learned a level 4 spell: Sticky Flame
   333 | D        | Gained mutation: You have a pair of small antennae on your head. [potion of mutation]
   333 | D        | Gained mutation: You have sharp toenails. [potion of mutation]
   334 | D        | Lost mutation: You have sharp toenails. [potion of mutation]
   334 | D        | Gained mutation: Your movements are slightly less encumbered by armour. (ER -2) [potion of mutation]
   334 | D        | Gained mutation: Your flesh is cold resistant. (rC+) [potion of mutation]
   334 | D        | Killed a yaktaur
   378 | D        | Noticed a water elemental
   380 | D        | Killed a water elemental
   380 | D        | Reached skill level 10 in Spellcasting
   380 | D        | Reached skill level 5 in Conjurations
   380 | D        | Reached XP level 5. HP: 28/28 MP: 11/19
   388 | D        | Learned a level 5 spell: Fireball
   428 | D        | Found a radiant altar of Vehumet.
   429 | D        | Found a deep blue altar of Sif Muna.
   429 | D        | Found an ancient bone altar of Kikubaaqudgha.
   433 | D        | Reached skill level 1 in Fighting
   433 | D        | Reached skill level 1 in Armour
   452 | D        | Became a worshipper of Vehumet
   489 | D        | Found a glowing silver altar of Zin.
   490 | D        | Found a glowing golden altar of the Shining One.
   490 | D        | Found a white marble altar of Elyvilon.
   490 | D        | Noticed a deep elf mage
   494 | D        | Killed a deep elf mage
   494 | D        | Reached skill level 5 in Dodging
   494 | D        | Reached skill level 12 in Spellcasting
   494 | D        | Reached XP level 6. HP: 37/37 MP: 15/23
   494 | D        | Reached XP level 7. HP: 41/41 MP: 15/24
   541 | D        | Found an ornate altar of the Wu Jian Council.
   541 | D        | Found a roughly hewn altar of Beogh.
   541 | D        | Found an iron altar of Okawaru.
   541 | D        | Found a bloodstained altar of Trog.
   541 | D        | Found a hide-covered altar of Uskayaw.
   541 | D        | Noticed a human
   541 | D        | Noticed a human
   547 | D        | Killed a human
   563 | D        | Killed a human
   563 | D        | Reached * piety under Vehumet
   563 | D        | Offered knowledge of Magic Dart by Vehumet.
   563 | D        | Reached skill level 13 in Spellcasting
   733 | D        | Found a basalt altar of Yredelemnul.
   733 | D        | Found a shadowy altar of Dithmenos.
   733 | D        | Found a sacrificial altar of Ru.
   823 | D        | Killed a yaktaur
   825 | D        | Noticed a shadow
   827 | D        | Reached ** piety under Vehumet
   827 | D        | Offered knowledge of Sting by Vehumet.
   827 | D        | Reached XP level 8. HP: 48/48 MP: 18/27
   869 | D        | Found a blossoming altar of Fedhas.
   869 | D        | Found a stormy altar of Qazlal.
   869 | D        | Found a snail-covered altar of Cheibriados.
   869 | D        | Found a burning altar of Makhleb.
   869 | D        | Found a shimmering altar of Xom.
   870 | D        | Found a hazy altar of Hepliaklqana.
   870 | D        | Found an opulent altar of Gozag.
   870 | D        | Found a sparkling altar of Nemelex Xobeh.
   870 | D        | Found a corrupted altar of Lugonu.
   870 | D        | Found a viscous altar of Jiyva.
   982 | D        | Noticed Snorg
   985 | D        | Killed Snorg
   985 | D        | Reached skill level 5 in Fighting
   985 | D        | Reached skill level 5 in Short Blades
   985 | D        | Reached skill level 5 in Armour
   985 | D        | Reached skill level 14 in Spellcasting
   985 | D        | Reached XP level 9. HP: 25/54 MP: 11/29
  1029 | D        | Killed a yaktaur
  1271 | D        | Noticed a centaur warrior
  1272 | D        | Offered knowledge of Stone Arrow by Vehumet.
  1272 | D        | Reached *** piety under Vehumet
  1279 | D        | Killed a centaur warrior
  1279 | D        | Reached skill level 15 in Spellcasting
  1279 | D        | Reached skill level 10 in Fire Magic
  1286 | D        | Learned a level 3 spell: Stone Arrow
  1428 | D        | Offered knowledge of Mephitic Cloud by Vehumet.
  1433 | D        | Learned a level 3 spell: Mephitic Cloud
  1875 | D        | Noticed an unseen horror
  1880 | D        | Killed an unseen horror
  1880 | D        | Reached skill level 1 in Air Magic
  1880 | D        | Reached skill level 1 in Earth Magic
  1880 | D        | Reached skill level 1 in Poison Magic
  1925 | D        | Noticed a queen bee
  1926 | D        | Reached **** piety under Vehumet
  1928 | D        | Offered knowledge of Ignite Poison by Vehumet.
  1932 | D        | Reached ***** piety under Vehumet
  1954 | D        | Reached skill level 10 in Conjurations
  1958 | D        | Reached skill level 16 in Spellcasting
  1958 | D        | Reached XP level 10. HP: 60/60 MP: 20/32
  1960 | D        | Reached ****** piety under Vehumet
  1999 | D        | Learned a level 3 spell: Ignite Poison
  2094 | D        | Offered knowledge of Iskenderun's Battlesphere by Vehumet.
  2127 | D        | Noticed a spiny frog
  2127 | D        | Noticed a spiny frog
  2132 | D        | Killed a spiny frog
  2132 | D        | HP: 1/61 [spiny frog/exploding inner flame[the player character] (41)]
  2132 | D        | Engulfed by a cloud of flame

Vault maps used:
D:        dungeon_sprint_mu

Skill      XL: |  1  2  3  4  5  6  7  8  9 10 |
---------------+-------------------------------+-----
Spellcasting   | 6 8 10 12 13 14 16 | 16.6
Conjurations   | 3 4 5 7 8 9 10 | 10.5
Fire Magic     | 4 5 6 7 8 9 10 | 10.8
Dodging        | 5 6 8 9 |  9.9
Fighting       | 3 5 6 |  6.5
Armour         | 3 5 6 |  6.5
Short Blades   | 3 4 5 7 |  7.7
Air Magic      | 2 3 |  3.5
Earth Magic    | 2 4 |  4.0
Poison Magic   | 2 3 |  3.9
Stealth        | |  2.4

Action                   |  1- 3 |  4- 6 |  7- 9 | 10-12 || total
-------------------------+-------+-------+-------+-------++-------
Melee: Dagger            |       |       |     1 |     1 ||     2
 Cast: Flame Tongue      |    22 |     6 |    35 |    11 ||    74
       Throw Flame       |     1 |       |       |       ||     1
       Conjure Flame     |       |     1 |     5 |     1 ||     7
       Sticky Flame      |       |     3 |     6 |     1 ||    10
       Fireball          |       |       |    10 |     1 ||    11
       Inner Flame       |       |       |     4 |     4 ||     8
       Stone Arrow       |       |       |     6 |     3 ||     9
       Mephitic Cloud    |       |       |     2 |     2 ||     4
       Ignite Poison     |       |       |       |     3 ||     3
  Use: Scroll            |       |     2 |     1 |       ||     3
       Potion            |       |     2 |       |       ||     2
 Stab: Confused          |       |       |       |     1 ||     1
  Eat: Chunk             |       |       |     1 |       ||     1
       Bread ration      |       |       |     1 |       ||     1
       Fruit             |       |       |     1 |       ||     1
Armor: Troll leather arm |       |       |     2 |       ||     2
Dodge: Dodged            |     6 |     3 |    11 |     4 ||    24

Table legend:
 A = Spawn XP
 B = Non-spawn XP
 C = Spawn XP percentage of total XP
 D = Spawn monster count
 E = Non-spawn monster count
 F = Spawn count percentage of total count
 G = Total turns spent on level
                    A         B        C        D         E        F      G
               +---------+---------+-------+---------+---------+-------+---------
         Total |       0 |    8315 |   0.0 |       0 |      60 |   0.0 |  2132
               +---------+---------+-------+---------+---------+-------+---------
             D |       0 |    8315 |   0.0 |       0 |      60 |   0.0 |  2132
               +---------+---------+-------+---------+---------+-------+---------
